 Dungeon Crawl Stone Soup version 0.30.1-4-g462c640d31 (webtiles) character file.

Game seed: 14597665514055139107

65 leafyfresh the Changer (level 4, -2/31 (32) HPs)
             Began as a Merfolk Transmuter on Aug 17, 2023.
             Slain by Crazy Yiuf
             ... wielding a +4 quarterstaff of chaos
              (16 damage)
             ... on level 2 of the Dungeon.
             The game lasted 00:04:45 (2592 turns).

leafyfresh the Changer (Merfolk Transmuter)         Turns: 2592, Time: 00:04:45

HP:   -2/31 (32)    AC:  2    Str: 10    XL:     4   Next: 13%
MP:   1/7           EV: 20    Int: 12    God:
Gold: 104           SH:  0    Dex: 21    Spells: 3/7 levels left

rFire   . . .        j - melded +0 dagger
rCold   . . .        (shield currently unavailable)
rNeg    . . .        a - melded +0 robe
rPois   x            (helmet currently unavailable)
rElec   .            (cloak currently unavailable)
rCorr   .            (gloves currently unavailable)
SInv    .            (boots currently unavailable)
Will    .....        (no amulet)
Stlth   ++           (no ring)
HPRegen 0.25/turn    (no ring)
MPRegen 0.10/turn

%: no passive effects
@: spider-form, very slightly contaminated, lightly drained
A: venomous fangs, tiny, (nimble swimmer 2), (mertail)
a: End Transformation


You were on level 2 of the Dungeon.
You were a venomous arachnid creature.
You visited 1 branch of the dungeon, and saw 2 of its levels.

You collected 104 gold pieces.

Inventory:

Hand Weapons
 j - a +0 dagger (melded)
Armour
 a - a +0 robe (melded)
Scrolls
 e - a scroll of enchant weapon {unknown}
 f - a scroll of magic mapping {unknown}
 g - 2 scrolls of teleportation {unknown}
 h - a scroll of acquirement {unknown}
 k - a scroll of identify {unknown}
Potions
 b - a potion of lignification
 c - a potion of curing {unknown}
 d - a potion of flight {unknown}
 i - 3 potions of heal wounds {unknown}


   Skills:
 - Level 1.1 Fighting
 - Level 2.6 Dodging
 - Level 3.2 Unarmed Combat
 - Level 2.0 Spellcasting
 + Level 5.7 Transmutations


You had 3 spell levels left.
You knew the following spells:

 Your Spells              Type           Power      Damage    Failure   Level
a - Beastly Appendage     Tmut           28%        N/A       10%         1
b - Spider Form           Tmut/Pois      8%         N/A       47%         3

Your spell library contained the following spells:

 Spells                   Type           Power      Damage    Failure   Level
 Wereblood                Tmut           14%        N/A       13%         2
 Foxfire                  Conj/Fire      4%         2x1d4     47%         1
 Ice Form                 Ice/Tmut       8%         N/A       82%         4
 Fireball                 Conj/Fire      0%         3d3       100%        5
 Plasma Beam              Fire/Air       0%         2x1d11    100%        6
 Starburst                Conj/Fire      0%         6d3       100%        6


Dungeon Overview and Level Annotations

Branches:
Dungeon (2/15)

Altars:

Shops:
D:2 (

Annotations:
D:2 Crazy Yiuf


Innate Abilities, Weirdness & Mutations

You are a venomous arachnid creature.
You have venomous fangs.
You are tiny and dextrous.
Your spellcasting is less reliable in this form.
Your armour is entirely melded.
You are incapable of wielding weapons or throwing items.
((You are very nimble when in or above water. (Stealth+, EV+, Speed+++)))
((Your lower body shifts to a powerful aquatic tail in water.))


Message History

Key pressed, stopping explore.
No target in view!
Crazy Yiuf shouts!
No reachable target in view!
Could not explore, unopened runed door.
Casting: Spider Form (quite dangerous; 26% risk of failure)
Confirm with . or Enter, or press ? or * to list all spells.
Okay, then.
Casting: Spider Form (quite dangerous; 26% risk of failure)
Confirm with . or Enter, or press ? or * to list all spells.
The spell is quite dangerous to miscast (26% risk of failure)!
Continue anyway?
Okay, then.
Casting: Spider Form (quite dangerous; 26% risk of failure)
Confirm with . or Enter, or press ? or * to list all spells.
The spell is quite dangerous to miscast (26% risk of failure)!
Continue anyway?
You miscast Spider Form.
You are very lightly contaminated with residual magic.
Nothing appears to happen.
Unknown command.
Casting: Spider Form (quite dangerous; 26% risk of failure)
Confirm with . or Enter, or press ? or * to list all spells.
The spell is quite dangerous to miscast (26% risk of failure)!
Continue anyway?
You turn into a venomous arachnid creature.
Your +0 dagger melds into your body.
Your +0 robe melds into your body.
Unknown command.
You open the door. You barely miss Crazy Yiuf.
Crazy Yiuf hits you with a +4 quarterstaff of chaos.
You feel drained.
You barely miss Crazy Yiuf.
Crazy Yiuf hits you with a +4 quarterstaff of chaos!
Crazy Yiuf freezes you.
You hit Crazy Yiuf but do no damage.
Crazy Yiuf is poisoned.
Crazy Yiuf yells, "Adder!"
Crazy Yiuf misses you.
You hit Crazy Yiuf.
Crazy Yiuf is lightly wounded.
Crazy Yiuf hits you with a +4 quarterstaff of chaos!
Ouch! That really hurt!
You die...

.#
#.########.#
.#####.###
###
.........##
.#####..#.##
#####
.......###.#
#)..#
.#####..#..#
#...# ##
#.#.### ...
#.#.### #g#
#.#...# ♣s♣♣
#.##### ♣♣.♣
#.....# ♣.♣♣
####### ♣♣.♣
#.....#
♣♣.♣♣
#.#####
♣♣...♣ #.#
♣....♣ #.#
#....# #.#
#....#


You could see Crazy Yiuf (very poisoned).

Vanquished Creatures
  An adder (D:2)
  A dart slug (D:1)
  3 orcs (D:2)
  3 endoplasms
  2 giant cockroaches (D:2)
  8 goblins
  5 hobgoblins
  3 kobolds
  A quokka (D:1)
  4 ball pythons
  4 bats
  4 frilled lizards
  10 rats
49 creatures vanquished.

Notes
Turn   | Place    | Note
-------+----------+-------------------------------------------
     0 | D:1      | leafyfresh the Merfolk Transmuter began the quest for the
                  | Orb.
     0 | D:1      | Reached XP level 1. HP: 15/15 MP: 3/3
    52 | D:1      | Reached skill level 3 in Transmutations
   203 | D:1      | Reached XP level 2. HP: 11/21 MP: 3/5
   498 | D:1      | Reached skill level 4 in Transmutations
  1162 | D:2      | Found Seoto's Weapon Shop.
  1236 | D:2      | Reached XP level 3. HP: 23/26 MP: 6/6
  1358 | D:2      | Reached skill level 5 in Transmutations
  1515 | D:2      | Learned a level 3 spell: Spider Form
  1699 | D:2      | Found a runed translucent door.
  1700 | D:2      | Noticed Crazy Yiuf
  1888 | D:2      | Reached XP level 4. HP: 6/32 MP: 0/7
  2592 | D:2      | Slain by Crazy Yiuf

Illustrated notes

Levels and vault maps discovered:
D:1:      dpeg_arrival_ratfight, layout_basic
D:2:      cheibrodos_old_hovel, layout_loops_ring, serial_shops, shop,
          guppyfry_early_orc_mine, uniq_crazy_yiuf_cottage

Skill      XL: |  1  2  3 |
---------------+----------+-----
Transmutations | 3 4 5 |  5.7
Fighting       | |  1.1
Dodging        | |  2.6
Unarmed Combat | |  3.2
Spellcasting   | |  2.0

Action                     |  1- 3 |  4- 6 || total
---------------------------+-------+-------++-------
  Melee: Unarmed           |    84 |    13 ||    97
         Headbutt          |     7 |       ||     7
         Punch             |     1 |       ||     1
         Dagger            |    47 |    34 ||    81
   Cast: Beastly Appendage |     6 |       ||     6
         Spider Form       |     1 |     4 ||     5
    Use: Potion            |     1 |       ||     1
   Stab: Sleeping          |     1 |       ||     1
 Armour: Robe              |    19 |     9 ||    28
         Skin              |     1 |     2 ||     3
  Dodge: Dodged            |    77 |    42 ||   119
